 Dungeon Crawl Stone Soup version 0.29.1-2-gbd0b4ee654 (webtiles) character file.

Game seed: 16524723436027592181

34 kingsuperguy the Chopper (level 3, -2/33 HPs)
             Began as a Hill Orc Monk on Nov 19, 2022.
             Frozen to death by an endoplasm (5 damage)
             ... on level 3 of the Dungeon.
             The game lasted 00:03:13 (1301 turns).

kingsuperguy the Chopper (Hill Orc Monk)            Turns: 1301, Time: 00:03:13

Health: -2/33      AC:  3    Str: 13 (15) XL:     3   Next: 31%
Magic:  2/3        EV: 12    Int:  7 (10) God:
Gold:   5          SH:  0    Dex: 10 (13) Spells: 1/2 levels left

rFire   . . .      SeeInvis .   a - +0 hand axe
rCold   . . .      Faith    .   (no shield)
rNeg    . . .      Spirit   .   l - +0 leather armour
rPois   .          Reflect  .   (no helmet)
rElec   .          Harm     .   (no cloak)
rCorr   .          Rampage  .   (no gloves)
Will    .....                   (no boots)
Stlth   +.........              (no amulet)
HPRegen 0.11/turn               (no ring)
MPRegen 0.08/turn               (no ring)

@: about to teleport, attractive
A: deterioration 1
a: no special abilities


You were on level 3 of the Dungeon.
You visited 1 branch of the dungeon, and saw 3 of its levels.

You collected 5 gold pieces.

Inventory:

Hand Weapons
 a - a +0 hand axe (weapon)
Armour
 b - a +0 robe
 l - a +0 leather armour (worn)
Jewellery
 i - a +6 ring of intelligence
Scrolls
 d - a scroll of enchant armour {unknown}
 g - a scroll of noise
 m - a scroll of immolation {unknown}
Potions
 n - a potion of mutation


   Skills:
 + Level 4.1 Fighting
 + Level 4.6 Axes
 + Level 0.2 Armour
 + Level 2.7 Dodging
 + Level 1.7 Stealth
 * Level 0.1 Summonings


You had one spell level left.
You knew the following spells:

 Your Spells              Type           Power      Damage    Failure   Level
a - Summon Small Mammal   Summ           0%         N/A       50%         1

Your spell library contained the following spells:

 Spells                   Type           Power      Damage    Failure   Level
 Shock                    Conj/Air       0%         1d3       52%         1
 Scorch                   Fire           0%         2d5       65%         2
 Call Canine Familiar     Summ           0%         N/A       86%         3
 Summon Guardian Golem    Hex/Summ       0%         N/A       86%         3
 Swiftness                Air            0%         N/A       87%         3
 Airstrike                Air            0%         2d(0-16)  99%         4
 Flame Wave               Conj/Fire      0%         2d4       99%         4
 Summon Cactus Giant      Summ           0%         N/A       100%        6


Dungeon Overview and Level Annotations

Branches:
Dungeon (3/15)

Altars:

Shops:
D:1 !

Annotations:
D:2 Jessica, Terence


Innate Abilities, Weirdness & Mutations

Your body sometimes deteriorates upon taking damage.


Message History

Your rat bites the orc.
You hit the orc.
The orc is heavily wounded.
The orc barely misses you.
Your rat bites the orc but does no damage.
You hit the orc but do no damage.
The orc is heavily wounded.
Your rat disappears in a puff of smoke!
The orc hits you with a +0 flail.
You hit the orc but do no damage.
The orc is heavily wounded.
The orc hits you with a +0 flail!
* * * LOW HITPOINT WARNING * * *
You see here 8 gold pieces.
It was a potion of degeneration.
There was something very wrong with that liquid.
You feel weakened.
You feel dopey.
You feel clumsy. The orc hits you but does no damage.
It was a potion of mutation.
You feel extremely strange.
You feel yourself wasting away. The orc closely misses you.
It was a potion of attraction.
You feel attractive to monsters. The endoplasm hits you.
* * * LOW HITPOINT WARNING * * *
The orc barely misses you.
Unknown command.
As you read the scroll labelled TIVEIH OQAYDUO, it crumbles to dust.
It is a scroll of identify.
g - a scroll of noise The orc misses you.
The endoplasm misses you.
As you read the scroll labelled TIRIVI PIWEIX, it crumbles to dust.
The scroll dissolves into smoke.
It was a scroll of fog.
The endoplasm hits you but does no damage.
The orc barely misses you.
As you read the scroll labelled MYLEFU ERIBAS, it crumbles to dust.
You feel strangely unstable.
It was a scroll of teleportation.
The endoplasm freezes you.
You are frozen.
You die...

### ## ..# #.
#.. .. #.# .
#.#.#
.######§#§#
.....§§oJ§#
#######@###
#§#
############§#
#............#
#.#########.##
#.# #.# #.#
#.# #.# #.#
#.# #.#


You could see an orc and an endoplasm.

Vanquished Creatures
  2 adders
  3 endoplasms
  A giant cockroach (D:2)
  A hobgoblin (D:3)
  2 quokkas (D:1)
  4 ball pythons (D:1)
  A frilled lizard (D:1)
  A kobold (D:1)
  2 rats (D:1)
17 creatures vanquished.

Notes
Turn   | Place    | Note
-------+----------+-------------------------------------------
     0 | D:1      | kingsuperguy the Hill Orc Monk began the quest for the Orb.
     0 | D:1      | Reached XP level 1. HP: 19/19 MP: 1/1
   272 | D:1      | Reached XP level 2. HP: 15/27 MP: 2/2
   434 | D:1      | Found Xeguxtosh's Distillery.
  1106 | D:2      | Reached XP level 3. HP: 32/33 MP: 3/3
  1106 | D:2      | Noticed Jessica
  1238 | D:2      | Noticed Terence
  1267 | D:3      | Learned a level 1 spell: Summon Small Mammal
  1297 | D:3      | Gained mutation: Your body sometimes deteriorates upon
                  | taking damage. [potion of mutation]
  1301 | D:3      | Frozen to death by an endoplasm

Illustrated notes

Levels and vault maps discovered:
D:1:      wheals_arrival_linesprint, layout_rooms, serial_shops,
          nicolae_shop_hallway_stairs
D:2:      layout_basic, shapermc_ecumenical_altar_pompeii, uniq_terence,
          uniq_jessica
D:3:      layout_loops_ring

Skill      XL: |  1  2 |
---------------+-------+-----
Fighting       | 4 |  4.1
Axes           | |  4.6
Armour         | |  0.2
Dodging        | |  2.7
Stealth        | |  1.7
Summonings     | |  0.1

Action                   || total
-------------------------++-------
Melee: Hand axe          ||    71
 Cast: Summon Small Mamm ||     2
  Use: Potion            ||     4
       Scroll            ||     3
 Stab: Sleeping          ||     1
Armor: Robe              ||     3
       Leather armour    ||     7
Dodge: Dodged            ||    52
